 Dungeon Sprint DCSS version 0.31-a0-876-gfe8ebadbca (webtiles) character file.

Game seed: 3133459717101201288

6402 rocky1 the Fencer (level 11, -9/94 HPs)
             Began as a Djinni Gladiator on Oct 14, 2023.
             Was an Initiate of Gozag.
             Mangled by an iron elemental (14 damage)
             ... in the Dungeon (Sprint II: "The Violet Keep of Menkaure").
             The game lasted 00:06:41 (1955 turns).

rocky1 the Fencer (Djinni Gladiator)                Turns: 1955, Time: 00:06:42

Health: -9/94      AC: 14    Str: 21    XL:     11   Next: 18%
Gold:   2360       EV: 14    Int: 10    God:    Gozag SH:  0 Dex: 19

rFire   + . .        a - +0 long sword
rCold   . . .        (no shield)
rNeg    . . .        h - +2 chain mail of Objectivity {rF- Will- Str+8 Slay+5}
rPois   ∞            c - +0 helmet
rElec   .            (no cloak)
rCorr   .            (no gloves)
SInv    +            (boots unavailable)
Will    .....        (no amulet) Stlth
                     g - ring "Sur Rior" {rC+ Slay+2 SInv}
HPRegen 0.35/turn    (no ring)
MPRegen 0.00/turn

%: no teleportation, infuse magic (-10 HP)
@: flying, slowed, very slow
A: sickness immunity, fire resistance 2, cold vulnerability 1, float, innate
caster, HP casting, extra vitality 1
a: Renounce Religion, Potion Petition, Call Merchant, Bribe Branch


You were in the Dungeon.
You worshipped Gozag.
Gozag was most pleased with you.
You visited 1 branch You collected 3491 gold pieces.
You spent 1131 gold pieces at shops.

Inventory:

Hand Weapons
 a - a +0 long sword (weapon)
Missiles
 d - 3 throwing nets (quivered)
 e - a javelin
Armour
 b - a +0 leather armour
 c - a +0 helmet (worn)
 h - the +2 chain mail of Objectivity (worn) {rF- Will- Str+8 Slay+5}
   (You bought it in a shop in the Dungeon)

   Str+8:     It affects your strength (+8).
   Slay+5:    It affects your accuracy & damage with ranged weapons and melee
   (+5).
   rF-:       It makes you vulnerable to fire.
   Will-:     It decreases your willpower.
Jewellery
 g - the ring "Sur Rior" (left hand) {rC+ Slay+2 SInv}
   (You bought it in a shop in the Dungeon)

   [ring of protection from cold]

   Slay+2:    It affects your accuracy & damage with ranged weapons and melee
   (+2).
   rC+:       It protects you from cold.
   SInv:      It lets you see invisible.
Scrolls
 j - a scroll of blinking
Potions
 f - a potion of curing
 i - 3 potions of enlightenment {unknown}


   Skills:
 * Level 14.4 Fighting
 + Level 16.2 Long Blades
 - Level 1.5 Throwing
 + Level 8.7 Armour
 + Level 10.4 Dodging
 - Level 1.5 Stealth


You knew the following spells:

 Your Spells              Type           Power      Damage    Failure   Level
a - Sandblast             Erth           0%         2d4       90%         1
b - Passwall              Tmut/Erth      0%         N/A       97%         2
c - Call Imp              Summ           0%         N/A       97%         2
d - Vampiric Draining     Necr           0%         2d6       99%         3
e - Olgreb's Toxic Radia  Pois           0%         N/A       100%        4
Your spell library was empty.


Dungeon Overview and Level Annotations

Branches:
Dungeon (1/1)

Altars:
Cheibriados
Dithmenos
Elyvilon
Fedhas
Gozag
Hepliaklqana
Makhleb
Nemelex Xobeh
Okawaru
Qazlal
Ru
Trog
Uskayaw
Wu Jian
Xom
Yredelemnul
Zin
The Shining One
Jiyva
Lugonu

Shops:
D =:!:[=*[![?[[((!

Annotations:
D exclusions: ice statue, oklob plant and orange crystal statue


Innate Abilities, Weirdness & Mutations

You are immune to sickness and miasma.
You are immune to poison.
Your flesh is very heat resistant. (rF++)
You are vulnerable to cold. (rC-)
You float through the air rather than walking.
You learn spells naturally, not from books.
Your magical power is your life essence.
You have superior vitality. (+4 MHP)


Message History

You feel as though you will be slow longer.
You hit the iron elemental.
You punch the iron elemental, but do no damage.
The iron elemental is heavily damaged.
You hit the iron elemental but do no damage.
The iron elemental is heavily damaged.
The iron elemental gestures at you. The iron shot hits you!
You slash the iron elemental!
The iron elemental is heavily damaged.
You hit the iron elemental but do no damage.
The iron elemental is heavily damaged.
The iron elemental hits you!
You slash the iron elemental!
The iron elemental is severely damaged.
The iron elemental completely misses you.
You completely miss the iron elemental.
The iron elemental is severely damaged.
You hit the iron elemental but do no damage.
The iron elemental is severely damaged.
The iron elemental gestures at you.
You feel as though you will be slow longer.
You hit the iron elemental but do no damage.
The iron elemental is severely damaged.
The iron elemental gestures at you. The spray of metal splinters hits you!!
* * * LOW HITPOINT WARNING * * *
You slash the iron elemental!
The iron elemental is almost destroyed.
You hit the iron elemental.
The iron elemental is almost destroyed.
The iron elemental hits you!
* * * LOW HITPOINT WARNING * * *
You hit the iron elemental.
The iron elemental is almost destroyed.
You hit the iron elemental but do no damage.
The iron elemental is almost destroyed.
The iron elemental hits you!
You die...
Your body crumbles into a pile of gold.

##≈≈≈≈≈≈≈##
≈≈≈≈≈≈°°≈##
≈≈≈8≈≈≈°≈##++# #
≈≈≈≈≈≈≈ ...### ## ≈°≈○
....### ~#+++#+++##
...#.## ~.........#
.^#..# ~~.##'##..#
####.#..#
~~##..###.####$E@.##.#
~~#..##.#
...#(?#...####
####.#.#
#..#####..##.#


[$$[? #.###'# .##..#..'.^#..# [)(=! ...##.##B..#..#.|#..#).#▓!$??( .#)'.<.+#
+..####..##.#▓():($ ...##.##B..#....###...##▓▓▓▓▓▓ #.###'##
.##§§....~~~~~~~~~~~~ ####...####~~.....~#'########+ You could see an iron
elemental.

Vanquished Creatures
  A crystal guardian (D)
  A great orb of eyes (D)
  2 death drakes (D)
  A merfolk siren (D)
  A yaktaur (D)
  3 polar bears (D)
  A hornet (D)
  A blink frog (D)
  12 flying skulls (D)
  Menkaure (D)
  2 water moccasins (D)
  2 swamp drakes (D)
  4 necrophages (D)
  4 lava snakes (D)
  3 worms (D)
39 creatures vanquished.

Notes
Turn   | Place    | Note
-------+----------+-------------------------------------------
     0 | D        | rocky1 the Djinni Gladiator began the quest for the Orb.
     0 | D        | Reached XP level 1. HP: 18/18 MP: 0/0
     1 | D        | Noticed a boulder beetle
     1 | D        | Noticed a boulder beetle
     5 | D        | Noticed a necrophage
     5 | D        | Noticed a necrophage
     5 | D        | Noticed a necrophage
     5 | D        | Noticed a necrophage
    12 | D        | Killed a necrophage
    13 | D        | Reached skill level 6 in Long Blades
    13 | D        | Reached XP level 2. HP: 25/25 MP: 0/0
    13 | D        | Reached XP level 3. HP: 30/30 MP: 0/0
    13 | D        | Learned a level 1 spell: Sandblast
    13 | D        | Reached XP level 4. HP: 35/35 MP: 0/0
    15 | D        | Killed a necrophage
    16 | D        | Reached skill level 7 in Long Blades
    16 | D        | Reached skill level 5 in Dodging
    16 | D        | Reached XP level 5. HP: 41/41 MP: 0/0
    16 | D        | Learned a level 2 spell: Passwall
    19 | D        | Reached skill level 8 in Long Blades
    29 | D        | Reached skill level 5 in Fighting
    29 | D        | Reached skill level 9 in Long Blades
    29 | D        | Reached XP level 6. HP: 31/49 MP: 0/0
    40 | D        | Noticed a flying skull
    40 | D        | Noticed a flying skull
    40 | D        | Noticed a flying skull
    40 | D        | Noticed a flying skull
    40 | D        | Noticed a flying skull
    41 | D        | Noticed Menkaure
    41 | D        | Noticed a flying skull
    41 | D        | Noticed a flying skull
    41 | D        | Noticed a flying skull
    41 | D        | Noticed a flying skull
    41 | D        | Noticed a flying skull
    42 | D        | Noticed a flying skull
    47 | D        | Killed Menkaure
    47 | D        | Noticed a water moccasin
    48 | D        | Reached skill level 10 in Long Blades
    48 | D        | Noticed a flying skull
    62 | D        | Killed a water moccasin
    63 | D        | Reached skill level 1 in Armour
    66 | D        | Found a glowing silver altar of Zin.
    66 | D        | Found an iron altar of Okawaru.
    67 | D        | Found a hide-covered altar of Uskayaw.
    67 | D        | Found a sparkling altar of Nemelex Xobeh.
    67 | D        | Found a basalt altar of Yredelemnul.
    67 | D        | Found a glowing golden altar of the Shining One.
    68 | D        | Found a burning altar of Makhleb.
    68 | D        | Found a bloodstained altar of Trog.
    68 | D        | Found an opulent altar of Gozag.
    68 | D        | Found a shimmering altar of Xom.
    69 | D        | Found a corrupted altar of Lugonu.
    69 | D        | Found a blossoming altar of Fedhas.
    69 | D        | Found an ornate altar of the Wu Jian Council.
    70 | D        | Found a white marble altar of Elyvilon.
    70 | D        | Found a sacrificial altar of Ru.
    71 | D        | Found a shadowy altar of Dithmenos.
    71 | D        | Found a viscous altar of Jiyva.
    71 | D        | Found a stormy altar of Qazlal.
    76 | D        | Found a snail-covered altar of Cheibriados.
    79 | D        | Found a hazy altar of Hepliaklqana.
    83 | D        | Became a worshipper of Gozag Ym Sagoz the Greedy
   102 | D        | Noticed an orange crystal statue
   233 | D        | Noticed a merfolk siren
   259 | D        | Killed a merfolk siren
   260 | D        | Reached skill level 11 in Long Blades
   260 | D        | Reached XP level 7. HP: 18/58 MP: 0/0
   260 | D        | Learned a level 2 spell: Call Imp
   494 | D        | Noticed an ice statue
   496 | D        | Noticed a water moccasin
   501 | D        | Killed a water moccasin
   502 | D        | Reached skill level 12 in Long Blades
   502 | D        | Reached XP level 8. HP: 58/64 MP: 0/0
   502 | D        | Found Idesoing's Weapon Boutique.
   504 | D        | Found Nuunuh's Armour Shop.
   504 | D        | Found Sadimev's Armour Boutique.
   505 | D        | Found Faskeme's Antique Armour Boutique.
   505 | D        | Found Keiwkeiss's Magic Scroll Shop.
   505 | D        | Found Simek's Antique Weapon Shop.
   506 | D        | Found Dumolli's Antique Armour Shop.
   506 | D        | Found Irhasaju's Distillery.
   507 | D        | Found Qeidekacs's Assorted Antiques.
   508 | D        | Found Xibitsy's Jewellery Shop.
   508 | D        | Found Qaocu's Antique Armour Boutique.
   508 | D        | Noticed a manticore
   517 | D        | Noticed a blink frog
   587 | D        | Found Ani Wabidua's Book Shop.
   587 | D        | Found Dottuniago's Distillery.
   587 | D        | Noticed a manticore
   587 | D        | Noticed a manticore
   587 | D        | Noticed an oklob plant
   588 | D        | Found Niugudgh's Jewellery Shop.
   588 | D        | Found Otateyb's Book Shoppe.
   595 | D        | Noticed a yak
   598 | D        | Noticed a yak
   598 | D        | Noticed a yak
   608 | D        | Killed a blink frog
   713 | D        | Noticed a fire dragon
   717 | D        | Bought the ring "Sur Rior" {rC+ Slay+2 SInv} for 446 gold
                  | pieces
   726 | D        | Bought the +2 chain mail of Objectivity {rF- Will- Str+8
                  | Slay+5} for 625 gold pieces
   769 | D        | Noticed a polar bear
   787 | D        | Killed a polar bear
   833 | D        | Bought a potion of heal wounds for 60 gold pieces
   884 | D        | Killed a flying skull
   885 | D        | Reached skill level 13 in Long Blades
   886 | D        | Killed a flying skull
   887 | D        | Reached XP level 9. HP: 54/71 MP: 0/0
   887 | D        | Learned a level 3 spell: Vampiric Draining
   904 | D        | Reached skill level 14 in Long Blades
   913 | D        | Reached skill level 5 in Armour
   922 | D        | Reached skill level 10 in Fighting
   922 | D        | Reached skill level 1 in Stealth
   939 | D        | Reached skill level 15 in Long Blades
   944 | D        | Reached XP level 10. HP: 26/82 MP: 0/0
  1364 | D        | Found Yradwuwo's Distillery.
  1400 | D        | Noticed a yaktaur
  1431 | D        | Killed a yaktaur
  1549 | D        | Noticed a death drake
  1573 | D        | Killed a death drake
  1574 | D        | Reached skill level 10 in Dodging
  1607 | D        | Noticed a death drake
  1607 | D        | Noticed a crystal guardian
  1623 | D        | Killed a crystal guardian
  1624 | D        | Reached skill level 16 in Long Blades
  1637 | D        | Killed a death drake
  1638 | D        | Reached XP level 11. HP: 16/93 MP: 0/0
  1638 | D        | Learned a level 4 spell: Olgreb's Toxic Radiance
  1865 | D        | Noticed a great orb of eyes
  1873 | D        | Paralysed by a great orb of eyes for 5 turns
  1878 | D        | Killed a great orb of eyes
  1934 | D        | Noticed an iron elemental
  1953 | D        | HP: 4/94 [iron elemental (13)]
  1955 | D        | Mangled by an iron elemental

Illustrated notes

Levels and vault maps discovered:
D:        the_violet_keep_of_menkaure [sprint2_stairs_cluster_1,
          sprint2_shoproom, sprint2_temple, sprint2_basic_supplies,
          sprint2_obstacle_1, sprint2_obstacle_4, sprint2_obstacle_2,
          sprint2_obstacle_5, sprint2_obstacle_7, sprint2_timed_cluster_1,
          sprint2_smallroom_cluster_1, sprint2_smallroom_final_cluster_1,
          sprint2_transparent_cluster_1, sprint2_second_timed_cluster_1,
          sprint2_sniper_area_1, sprint2_heavy_combat_area_1,
          sprint2_mutation_trap_area_1, sprint2_forest_area_1,
          sprint2_light_combat_area_1, sprint2_behind_water_1,
          sprint2_near_end_vault_1]

Skill      XL: |  1  2  3  4  5  6  7  8  9 10 11 |
---------------+----------------------------------+-----
Fighting       | 3 4 5 7 8 11 13 14 | 14.4
Long Blades    | 6 7 9 11 12 13 15 16 | 16.2
Dodging        | 4 5 6 8 9 10 | 10.4
Armour         | 2 3 4 5 8 |  8.7
Stealth        | 1 |  1.5
Throwing       | |  1.5

Action                     |  1- 3 |  4- 6 |  7- 9 | 10-12 || total
---------------------------+-------+-------+-------+-------++-------
  Melee: Long sword        |     6 |    56 |   110 |   117 ||   289
         Punch             |       |       |     1 |     5 ||     6
    Use: Potion            |     1 |     2 |       |     1 ||     4
   Stab: Distracted        |       |       |     1 |       ||     1
         Confused          |       |       |       |     4 ||     4
 Armour: Leather armour    |     2 |    24 |     8 |       ||    34
         Chain mail        |       |       |    41 |    74 ||   115
  Dodge: Dodged            |     2 |    14 |    46 |    45 ||   107

Table legend: (Time is in decaauts)
 A = Elapsed time spent in this place.
 B = Non-inter-level travel time spent in this place.
 C = Inter-level travel time spent in this place.
 D = Time resting spent in this place.
 E = Time spent auto-exploring this place.
 F = Levels seen in this place.
 G = Mean time per level.
                   A        B        C        D        E       F      G
               +--------+--------+--------+--------+--------+-----+--------+
         Total |   1881 |   1881 |      0 |   1163 |      0 |   1 | 1881.0 |
       Dungeon |   1881 |   1881 |      0 |   1163 |      0 |   1 | 1881.0 |
               +--------+--------+--------+--------+--------+-----+--------+

Top non-repeatable levels by time:
       D: 1881 daAuts
